Predators vs Devils

Created - December 29, 2023 at 19:01

Goals
1 2 3 T
Predators 1 2 1 4
Devils 1 0 1 2
Shots
1 2 3 T
Predators 13 13 6 32
Devils 10 15 5 30

1st period

1. Predators , Markus Granlund 5 (Mark Pysyk 8, Nicolas Kerdiles 3) at 1:53
2. Devils , Sean Monahan 11 (Jonathan Huberdeau 11) at 13:09

Penalties :
No Penalty

2nd period

3. Predators , Jaden Schwartz 10 (Scott Laughton 9, Joel Armia 5) at 0:58
4. Predators , Claude Giroux 13 (Jack Eichel 15, Mikael Granlund 11) at 10:34

Penalties :
Nick Palmieri (N.J) for Interference (Minor) at 7:34, Joel Armia (Nas) for Hooking (Minor) at 15:48

3rd period

5. Devils , Ondrej Kase 9 (Damon Severson 5) at 12:38
6. Predators , Joel Armia 3 (Scott Laughton 10, Alexander Ovechkin 13) at 18:36

Penalties :
Justin Faulk (Nas) for Hooking (Minor) at 0:42, Claude Giroux (Nas) for Hooking (Minor) at 12:41, Justin Faulk (Nas) for Hooking (Minor) at 18:59

Goalie Stats

Kari Lehtonen (Nas), 28 saves from 30 shots - (0.933), W, 11-3-0, 60:00 minutes
Jonathan Quick (N.J), 28 saves from 32 shots - (0.875), L, 10-6-5, 60:00 minutes

Players Stats for Predators

Player Name              G  A  P  +/- PIM S  H  SB GA TA FO     MP     PP MP  PK MP  
------------------------------------------------------------------------------------
Alexander Ovechkin       0  1  1   1  0   9  2  0  0  0  1/3    16:13   0:51   1:12 
Andreas Englund          0  0  0   0  0   0  1  1  0  0  0/0    16:10   0:00   3:53 
Andy Miele               0  0  0   0  0   1  0  1  0  1  5/8    17:16   0:51   1:52 
Claude Giroux            1  0  1  -1  2   9  3  0  1  0  0/0    19:18   1:08   0:00 
Jack Eichel              0  1  1  -1  0   1  3  0  1  1  11/26  18:34   1:08   0:00 
Jaden Schwartz           1  0  1   1  0   2  1  0  0  0  1/5    14:25   0:00   3:56 
Joel Armia               1  1  2   2  2   1  2  0  1  0  0/0     9:18   0:00   0:00 
John Moore               0  0  0   1  0   0  0  0  0  1  0/0    21:27   0:44   2:34 
Josh Morrissey           0  0  0   1  0   2  1  0  0  3  0/0    17:53   0:00   0:50 
Justin Faulk             0  0  0   1  4   0  1  1  0  2  0/0    23:35   1:15   2:14 
Mark Pysyk               0  1  1   1  0   0  1  0  0  0  0/0    12:52   0:00   3:51 
Markus Granlund          1  0  1   1  0   2  0  0  0  0  1/2    11:36   0:00   1:26 
Mikael Granlund          0  1  1  -1  0   2  2  0  0  0  1/1    18:34   1:08   0:00 
Nicolas Kerdiles         0  1  1   1  0   0  0  0  0  0  0/0    10:33   0:00   1:37 
Reilly Smith             0  0  0   0  0   3  2  0  0  0  0/1    15:24   0:51   0:00 
Ryan Mcdonagh            0  0  0   1  0   0  3  3  1  2  0/0    27:17   1:15   4:18 
Scott Laughton           0  2  2   2  0   0  3  0  0  0  3/3     8:53   0:00   0:00 
Travis Dermott           0  0  0   0  0   0  0  1  0  0  0/0    13:41   0:44   0:05 

Players Stats for Devils

Player Name              G  A  P  +/- PIM S  H  SB GA TA FO     MP     PP MP  PK MP  
------------------------------------------------------------------------------------
Anton Lander             0  0  0  -1  0   1  1  0  0  0  2/3    10:16   0:00   0:22 
Brandon Carlo            0  0  0   1  0   0  2  0  0  0  0/0    21:52   1:40   1:16 
Brayden Point            0  0  0   0  0   0  1  3  1  0  3/3    14:52   3:18   0:00 
Damon Severson           0  1  1  -1  0   0  0  0  0  0  0/0    19:12   2:48   0:00 
Jonathan Huberdeau       0  1  1   0  0   1  3  0  0  1  0/0    18:21   3:18   0:41 
Kristopher Letang        0  0  0  -2  0   3  0  4  0  2  0/0    21:49   4:09   1:16 
Logan Shaw               0  0  0   0  0   2  0  0  2  0  0/0    14:08   0:00   0:00 
Matt Donovan             0  0  0  -1  0   2  1  1  0  0  0/0    20:41   2:48   0:43 
Michael Del Zotto        0  0  0   0  0   0  2  0  0  0  0/0    16:30   2:29   0:43 
Miikka Salomaki          0  0  0  -1  0   1  1  0  1  0  0/0     9:02   0:00   0:00 
Nail Yakupov             0  0  0  -1  0   0  1  0  1  0  0/0     9:02   0:00   0:00 
Nazem Kadri              0  0  0  -1  0   8  3  1  1  0  12/22  21:10   3:39   1:18 
Nick Palmieri            0  0  0  -1  2   0  0  3  0  0  0/0    20:14   3:39   0:00 
Ondrej Kase              1  0  1   0  0   1  0  0  1  0  1/1    11:47   0:00   0:00 
Sean Monahan             1  0  1   0  0   7  1  0  1  0  7/13   17:39   3:18   0:19 
Sven Baertschi           0  0  0   0  0   2  0  0  0  0  0/1    11:47   0:00   0:00 
Thomas Hickey            0  0  0  -1  0   0  1  0  0  1  0/0    18:28   0:00   0:00 
Tyler Ennis              0  0  0  -1  0   2  3  0  2  0  1/6    21:10   3:39   1:18 

3 Stars

1 - Scott Laughton (Nas)
2 - Joel Armia (Nas)
3 - Jaden Schwartz (Nas)

Power Play

Predators - 0 on 1 Attempt(s) - 0.00%
Devils - 0 on 4 Attempt(s) - 0.00%

Penalty Kill

Predators - 4 on 4 Attempt(s) - 100.00% - Score 0 goal in Penalty Kill
Devils - 1 on 1 Attempt(s) - 100.00% - Score 0 goal in Penalty Kill

Team Stat

Predators - Hits : 25 - Faceoff Wins : 23 - Blocked Shots : 7 - Penalty Minutes : 8
Devils - Hits : 20 - Faceoff Wins : 26 - Blocked Shots : 12 - Penalty Minutes : 2

Official

Referees : Kevin Pollock and Dan O'Rourke
Linesman : Tony Sericolo and Steve Miller

Game Notes

Michael Del Zotto is injured at 3:39 of 3rd period (Sprained Left Ankle)

Finance

Level 1 -- Attendance: 6000 (100.00%) -- Ticket Income $600,000
Level 2 -- Attendance: 4655 (93.10%) -- Ticket Income $279,300
Level 3 -- Attendance: 1768 (88.40%) -- Ticket Income $61,880
Level 4 -- Attendance: 4000 (100.00%) -- Ticket Income $100,000
Luxury Box -- Attendance: 1000 (100.00%) -- Ticket Income $200,000
Game was played at the Prudential Center.
Total Attendance: 17423 (96.79%)
Total Ticket Income: $1,241,180
Other Income: $186,177
Total Income: $1,427,357

Predators

5 vs 5 Forward 
   Center                   Left Wing                Right Wing               Time % Phy DF OF 
 1 Jack Eichel              Claude Giroux            Mikael Granlund          40     1   2  2  
 2 Andy Miele               Alexander Ovechkin       Reilly Smith             30     1   2  2  
 3 Scott Laughton           Jaden Schwartz           Joel Armia               20     1   2  2  
 4 Markus Granlund          Nicolas Kerdiles         Mark Pysyk               10     1   2  2  

5 vs 5 Defense 
   Defense                  Defense                                           Time % Phy DF OF 
 1 Ryan Mcdonagh            Justin Faulk                                      40     1   2  2  
 2 John Moore               Josh Morrissey                                    30     1   2  2  
 3 Andreas Englund          Travis Dermott                                    20     1   2  2  
 4 John Moore               Ryan Mcdonagh                                     10     1   2  2  

PowerPlay Forward 
   Center                   Left Wing                Right Wing               Time % Phy DF OF 
 1 Jack Eichel              Claude Giroux            Mikael Granlund          60     1   1  3  
 2 Andy Miele               Alexander Ovechkin       Reilly Smith             40     1   1  3  

PowerPlay Defense
   Defense                  Defense                                           Time % Phy DF OF 
 1 Ryan Mcdonagh            Justin Faulk                                      60     1   1  3  
 2 John Moore               Travis Dermott                                    40     1   1  3  

Penalty Kill 4 Players Forward 
   Center                   Wing                     Time % Phy DF OF 
 1 Jaden Schwartz           Mark Pysyk               60     1   2  2  
 2 Andy Miele               Nicolas Kerdiles         40     1   3  1  

Penalty Kill 4 Players Defense
   Defense                  Defense                  Time % Phy DF OF 
 1 Ryan Mcdonagh            Justin Faulk             60     1   3  1  
 2 John Moore               Andreas Englund          40     1   3  1  

Penalty Kill - 3 Players Forward 
   Forward                                           Time % Phy DF OF 
 1 Mark Pysyk                                        60     1   3  1  
 2 Jaden Schwartz                                    40     1   3  1  

Penalty Kill - 3 Players Defense
   Defense                  Defense                  Time % Phy DF OF 
 1 Ryan Mcdonagh            Justin Faulk             60     1   3  1  
 2 John Moore               Andreas Englund          40     1   3  1  

4 vs 4 Forward 
   Center                   Wing                     Time % Phy DF OF 
 1 Mikael Granlund          Claude Giroux            60     1   2  2  
 2 Jaden Schwartz           Alexander Ovechkin       40     1   2  2  

4 vs 4 Defense
   Defense                  Defense                  Time % Phy DF OF 
 1 Ryan Mcdonagh            Justin Faulk             60     1   2  2  
 2 John Moore               Josh Morrissey           40     1   2  2  

Last Minutes Offensive
   Center                   Left Wing                Right Wing               Defense                  Defense                  
   Jack Eichel              Claude Giroux            Mikael Granlund          Ryan Mcdonagh            Justin Faulk             

Last Minutes Defensive
   Center                   Left Wing                Right Wing               Defense                  Defense                  
   Andy Miele               Claude Giroux            Mikael Granlund          Ryan Mcdonagh            John Moore               

Goaltenders
Starting : Kari Lehtonen            
Backup : Michal Neuvirth          

Extra Forwards
Normal : Alexander Ovechkin, Jaden Schwartz, Scott Laughton - PP : Jaden Schwartz, Alexander Ovechkin - PK : Markus Granlund
Extra Defensemen
Normal : Justin Faulk, Travis Dermott, Andreas Englund - PP : Travis Dermott - PK : Justin Faulk, Andreas Englund
Penalty Shots
Claude Giroux, Alexander Ovechkin, Mikael Granlund, Jack Eichel, Ryan Mcdonagh
Custom OT Lines Forwards
Claude Giroux, Mikael Granlund, Alexander Ovechkin, Jack Eichel, Jaden Schwartz, Andy Miele, Reilly Smith, Nicolas Kerdiles, Scott Laughton, Markus Granlund
Custom OT Lines Defensemen
Ryan Mcdonagh, John Moore, Justin Faulk, Josh Morrissey, Andreas Englund

Scratches
None

Devils

5 vs 5 Forward 
   Center                   Left Wing                Right Wing               Time % Phy DF OF 
 1 Nazem Kadri              Tyler Ennis              Nick Palmieri            40     0   2  3  
 2 Sean Monahan             Jonathan Huberdeau       Logan Shaw               30     0   2  3  
 3 Brayden Point            Sven Baertschi           Ondrej Kase              20     0   2  3  
 4 Anton Lander             Miikka Salomaki          Nail Yakupov             10     0   2  3  

5 vs 5 Defense 
   Defense                  Defense                                           Time % Phy DF OF 
 1 Brandon Carlo            Michael Del Zotto                                 38     1   3  1  
 2 Matt Donovan             Thomas Hickey                                     32     1   3  1  
 3 Kristopher Letang        Damon Severson                                    30     0   3  2  
 4 Brandon Carlo            Kristopher Letang                                 0      1   3  1  

PowerPlay Forward 
   Center                   Left Wing                Right Wing               Time % Phy DF OF 
 1 Nazem Kadri              Tyler Ennis              Nick Palmieri            60     0   1  4  
 2 Sean Monahan             Jonathan Huberdeau       Brayden Point            40     0   1  4  

PowerPlay Defense
   Defense                  Defense                                           Time % Phy DF OF 
 1 Michael Del Zotto        Kristopher Letang                                 60     0   2  3  
 2 Matt Donovan             Damon Severson                                    40     0   2  3  

Penalty Kill 4 Players Forward 
   Center                   Wing                     Time % Phy DF OF 
 1 Nazem Kadri              Tyler Ennis              60     0   3  2  
 2 Sean Monahan             Jonathan Huberdeau       40     0   3  2  

Penalty Kill 4 Players Defense
   Defense                  Defense                  Time % Phy DF OF 
 1 Brandon Carlo            Kristopher Letang        60     1   4  0  
 2 Matt Donovan             Michael Del Zotto        40     1   4  0  

Penalty Kill - 3 Players Forward 
   Forward                                           Time % Phy DF OF 
 1 Nazem Kadri                                       60     0   4  1  
 2 Sean Monahan                                      40     0   4  1  

Penalty Kill - 3 Players Defense
   Defense                  Defense                  Time % Phy DF OF 
 1 Brandon Carlo            Kristopher Letang        60     1   4  0  
 2 Matt Donovan             Michael Del Zotto        40     1   4  0  

4 vs 4 Forward 
   Center                   Wing                     Time % Phy DF OF 
 1 Nazem Kadri              Tyler Ennis              60     0   2  3  
 2 Sean Monahan             Jonathan Huberdeau       40     0   2  3  

4 vs 4 Defense
   Defense                  Defense                  Time % Phy DF OF 
 1 Brandon Carlo            Kristopher Letang        60     0   3  2  
 2 Matt Donovan             Michael Del Zotto        40     0   3  2  

Last Minutes Offensive
   Center                   Left Wing                Right Wing               Defense                  Defense                  
   Nazem Kadri              Tyler Ennis              Nick Palmieri            Brandon Carlo            Kristopher Letang        

Last Minutes Defensive
   Center                   Left Wing                Right Wing               Defense                  Defense                  
   Nazem Kadri              Tyler Ennis              Nick Palmieri            Brandon Carlo            Kristopher Letang        

Goaltenders
Starting : Jonathan Quick           
Backup : Calvin Pickard           

Extra Forwards
Normal : Nick Palmieri, Brayden Point, Logan Shaw - PP : Nick Palmieri, Brayden Point - PK : Nick Palmieri
Extra Defensemen
Normal : Michael Del Zotto, Thomas Hickey, Damon Severson - PP : Michael Del Zotto - PK : Michael Del Zotto, Thomas Hickey
Penalty Shots
Nazem Kadri, Tyler Ennis, Jonathan Huberdeau, Sean Monahan, Nick Palmieri
Custom OT Lines Forwards
Nazem Kadri, Tyler Ennis, Jonathan Huberdeau, Sean Monahan, Nick Palmieri, Brayden Point, Logan Shaw, Nail Yakupov, Anton Lander, Ondrej Kase
Custom OT Lines Defensemen
Brandon Carlo, Kristopher Letang, Matt Donovan, Michael Del Zotto, Thomas Hickey

Scratches
Anton Stralman (Healthy), Eric Tangradi (Healthy)

% Time on Ice - Predators

Lines # - Real PCT - Wanted PCT - Time Play
Normal Forward
1 - 37% - 40% - 18:45
2 - 29% - 30% - 14:50
3 - 17% - 20% - 8:33
4 - 17% - 10% - 8:56
Normal Defense
1 - 39% - 40% - 19:44
2 - 34% - 30% - 17:13
3 - 23% - 20% - 11:42
4 - 5% - 10% - 2:25
PP Forward
1 - 57% - 60% - 1:08
2 - 43% - 40% - 0:51
PP Defense
1 - 63% - 60% - 1:15
2 - 37% - 40% - 0:44
PK Forward
1 - 77% - 60% - 5:20
2 - 23% - 40% - 1:37
PK Defense
1 - 75% - 60% - 5:13
2 - 25% - 40% - 1:44
PK3 Forward
1 - 0% - 60%
2 - 0% - 40%
PK3 Defense
1 - 0% - 60%
2 - 0% - 40%
44 Forward
1 - 0% - 60%
2 - 0% - 40%
44 Defense
1 - 0% - 60%
2 - 0% - 40%
Last Minute Offensive  - 0:00
Last Minute Defensive  - 0:00
Total
Forward - 60:00
Defense - 60:00

% Time on Ice - Devils

Lines # - Real PCT - Wanted PCT - Time Play
Normal Forward
1 - 32% - 40% - 16:13
2 - 27% - 30% - 14:02
3 - 23% - 20% - 11:47
4 - 18% - 10% - 9:02
Normal Defense
1 - 43% - 38% - 21:57
2 - 28% - 32% - 14:29
3 - 28% - 30% - 14:03
4 - 1% - 0% - 0:35
PP Forward
1 - 53% - 60% - 3:39
2 - 47% - 40% - 3:18
PP Defense
1 - 63% - 60% - 4:21
2 - 37% - 40% - 2:36
PK Forward
1 - 84% - 60% - 1:40
2 - 16% - 40% - 0:19
PK Defense
1 - 64% - 60% - 1:16
2 - 36% - 40% - 0:43
PK3 Forward
1 - 0% - 60%
2 - 0% - 40%
PK3 Defense
1 - 0% - 60%
2 - 0% - 40%
44 Forward
1 - 0% - 60%
2 - 0% - 40%
44 Defense
1 - 0% - 60%
2 - 0% - 40%
Last Minute Offensive  - 0:00
Last Minute Defensive  - 0:00
Total
Forward - 60:00
Defense - 60:00

Play-by-Play

1st period


0:01 of 1st period - Jack Eichel wins face-off versus Nazem Kadri in neutral zone.
0:14 of 1st period - Slapshot by Claude Giroux.
0:14 of 1st period - Shot Misses the Net.
0:16 of 1st period - Snap shot by Ryan Mcdonagh.
0:16 of 1st period - Shot Hit the Post.
0:53 of 1st period - Thomas Hickey is hit by Scott Laughton and loses puck.
0:58 of 1st period - Snap shot by Jaden Schwartz.
0:58 of 1st period - Shot Blocked by Matt Donovan.
1:15 of 1st period - Off-side.
1:16 of 1st period - Anton Lander wins face-off versus Jack Eichel in neutral zone.
1:53 of 1st period - Snap shot by Markus Granlund.
1:53 of 1st period - Goal by Markus Granlund - Predators : 1 - Devils : 0.
1:54 of 1st period - Andy Miele wins face-off versus Sean Monahan in neutral zone.
1:59 of 1st period - Wrist shot by Reilly Smith.
1:59 of 1st period - Stopped by Jonathan Quick without a rebound.
2:00 of 1st period - Sean Monahan wins face-off versus Andy Miele in Devils zone.
2:36 of 1st period - Backhand shot by Claude Giroux.
2:36 of 1st period - Stopped by Jonathan Quick with a rebound.
2:38 of 1st period - Snap shot by Jack Eichel.
2:38 of 1st period - Shot Misses the Net.
3:33 of 1st period - Slapshot by Mark Pysyk.
3:33 of 1st period - Shot Misses the Net.
4:32 of 1st period - Nicolas Kerdiles is hit by Nail Yakupov.
4:50 of 1st period - Wrist shot by Alexander Ovechkin.
4:50 of 1st period - Stopped by Jonathan Quick with a rebound.
5:16 of 1st period - Josh Morrissey is hit by Michael Del Zotto.
5:30 of 1st period - Snap shot by Ondrej Kase.
5:30 of 1st period - Shot Misses the Net.
5:32 of 1st period - Snap shot by Sven Baertschi.
5:32 of 1st period - Shot Misses the Net.
5:34 of 1st period - Slapshot by Brandon Carlo.
5:34 of 1st period - Shot Blocked by Travis Dermott.
5:36 of 1st period - Wrist shot by Sven Baertschi.
5:36 of 1st period - Shot Blocked by Andreas Englund.
5:50 of 1st period - Snap shot by Reilly Smith.
5:50 of 1st period - Shot Hit the Post.
6:21 of 1st period - Mark Pysyk is hit by Jonathan Huberdeau and loses puck.
7:01 of 1st period - Brayden Point is hit by Jack Eichel and loses puck.
7:07 of 1st period - Icing by Brayden Point.
7:08 of 1st period - Brayden Point wins face-off versus Jack Eichel in Devils zone.
7:31 of 1st period - Backhand shot by Claude Giroux.
7:31 of 1st period - Stopped by Jonathan Quick with a rebound.
7:41 of 1st period - Snap shot by Jack Eichel.
7:41 of 1st period - Shot Blocked by Brayden Point.
7:43 of 1st period - Snap shot by Claude Giroux.
7:43 of 1st period - Shot Blocked by Kristopher Letang.
7:45 of 1st period - Slapshot by Josh Morrissey.
7:45 of 1st period - Shot Blocked by Brayden Point.
8:11 of 1st period - Damon Severson is hit by Jack Eichel and loses puck.
8:37 of 1st period - Brandon Carlo is hit by Jack Eichel and loses puck.
8:42 of 1st period - Slapshot by Claude Giroux.
8:42 of 1st period - Shot Misses the Net.
8:44 of 1st period - Slapshot by John Moore.
8:44 of 1st period - Shot Misses the Net.
8:46 of 1st period - Snap shot by Claude Giroux.
8:46 of 1st period - Deflect By Brayden Point.
8:46 of 1st period - Shot Misses the Net.
8:46 of 1st period - Puck is out of play.
8:47 of 1st period - Andy Miele wins face-off versus Nazem Kadri in Devils zone.
8:52 of 1st period - Slapshot by Alexander Ovechkin.
8:52 of 1st period - Deflect By Reilly Smith.
8:52 of 1st period - Stopped by Jonathan Quick without a rebound.
8:53 of 1st period - Andy Miele wins face-off versus Tyler Ennis in Devils zone.
9:57 of 1st period - Anton Lander is hit by Justin Faulk and loses puck.
10:42 of 1st period - Slapshot by Markus Granlund.
10:42 of 1st period - Stopped by Jonathan Quick with a rebound.
10:48 of 1st period - Ryan Mcdonagh is hit by Miikka Salomaki and loses puck.
10:57 of 1st period - Snap shot by Anton Lander.
10:57 of 1st period - Shot Blocked by Justin Faulk.
10:59 of 1st period - Slapshot by Matt Donovan.
10:59 of 1st period - Stopped by Kari Lehtonen without a rebound.
11:00 of 1st period - Nazem Kadri wins face-off versus Alexander Ovechkin in Predators zone.
11:17 of 1st period - Wrist shot by Alexander Ovechkin.
11:17 of 1st period - Stopped by Jonathan Quick with a rebound.
11:31 of 1st period - Wrist shot by Sean Monahan.
11:31 of 1st period - Shot Misses the Net.
11:57 of 1st period - Snap shot by Jaden Schwartz.
11:57 of 1st period - Stopped by Jonathan Quick without a rebound.
11:58 of 1st period - Nazem Kadri wins face-off versus Reilly Smith in Devils zone.
12:07 of 1st period - Snap shot by Nazem Kadri.
12:07 of 1st period - Deflect By Travis Dermott.
12:07 of 1st period - Shot Misses the Net.
12:07 of 1st period - Puck is out of play.
12:08 of 1st period - Alexander Ovechkin wins face-off versus Nazem Kadri in Predators zone.
12:15 of 1st period - Snap shot by Alexander Ovechkin.
12:15 of 1st period - Stopped by Jonathan Quick with a rebound.
12:17 of 1st period - Slapshot by Alexander Ovechkin.
12:17 of 1st period - Shot Misses the Net.
12:43 of 1st period - Snap shot by Alexander Ovechkin.
12:43 of 1st period - Stopped by Jonathan Quick with a rebound.
12:45 of 1st period - Snap shot by Andy Miele.
12:45 of 1st period - Shot Misses the Net.
12:47 of 1st period - Slapshot by Travis Dermott.
12:47 of 1st period - Shot Misses the Net.
12:49 of 1st period - Snap shot by Alexander Ovechkin.
12:49 of 1st period - Stopped by Jonathan Quick without a rebound.
12:50 of 1st period - Sean Monahan wins face-off versus Jack Eichel in Devils zone.
12:55 of 1st period - Snap shot by Logan Shaw.
12:55 of 1st period - Stopped by Kari Lehtonen without a rebound.
12:56 of 1st period - Sean Monahan wins face-off versus Jack Eichel in Predators zone.
13:09 of 1st period - Wrist shot by Sean Monahan.
13:09 of 1st period - Goal by Sean Monahan - Predators : 1 - Devils : 1.
13:10 of 1st period - Tyler Ennis wins face-off versus Jack Eichel in neutral zone.
13:10 of 1st period - Tyler Ennis is hit by Claude Giroux.
13:14 of 1st period - Claude Giroux is hit by Nazem Kadri and loses puck.
14:25 of 1st period - Snap shot by Nazem Kadri.
14:25 of 1st period - Stopped by Kari Lehtonen with a rebound.
15:05 of 1st period - Snap shot by Sven Baertschi.
15:05 of 1st period - Stopped by Kari Lehtonen with a rebound.
16:33 of 1st period - Wrist shot by Sven Baertschi.
16:33 of 1st period - Deflect By Justin Faulk.
16:33 of 1st period - Shot Blocked by Ryan Mcdonagh.
16:33 of 1st period - Puck is out of play.
16:34 of 1st period - Jack Eichel wins face-off versus Nazem Kadri in Predators zone.
17:01 of 1st period - Andreas Englund is hit by Michael Del Zotto and loses puck.
17:14 of 1st period - Slapshot by Logan Shaw.
17:14 of 1st period - Stopped by Kari Lehtonen with a rebound.
18:08 of 1st period - John Moore is hit by Nazem Kadri and loses puck.
18:41 of 1st period - Snap shot by Andy Miele.
18:41 of 1st period - Shot Blocked by Kristopher Letang.
18:43 of 1st period - Snap shot by Andy Miele.
18:43 of 1st period - Shot Misses the Net.
18:45 of 1st period - Wrist shot by Reilly Smith.
18:45 of 1st period - Stopped by Jonathan Quick without a rebound.
18:46 of 1st period - Nazem Kadri wins face-off versus Jack Eichel in Devils zone.
19:21 of 1st period - Snap shot by Jonathan Huberdeau.
19:21 of 1st period - Deflect By Sean Monahan.
19:21 of 1st period - Stopped by Kari Lehtonen with a rebound.
19:23 of 1st period - Wrist shot by Damon Severson.
19:23 of 1st period - Deflect By Sean Monahan.
19:23 of 1st period - Shot Misses the Net.
19:23 of 1st period - Puck is out of play.
19:24 of 1st period - Scott Laughton wins face-off versus Tyler Ennis in Predators zone.
19:31 of 1st period - Wrist shot by Tyler Ennis.
19:31 of 1st period - Stopped by Kari Lehtonen with a rebound.
19:33 of 1st period - Slapshot by Kristopher Letang.
19:33 of 1st period - Stopped by Kari Lehtonen with a rebound.
19:35 of 1st period - Wrist shot by Tyler Ennis.
19:35 of 1st period - Shot Misses the Net.
19:37 of 1st period - Wrist shot by Nazem Kadri.
19:37 of 1st period - Stopped by Kari Lehtonen with a rebound.
19:39 of 1st period - Slapshot by Nazem Kadri.
19:39 of 1st period - Shot Blocked by Ryan Mcdonagh.
19:41 of 1st period - Slapshot by Kristopher Letang.
19:41 of 1st period - Deflect By Tyler Ennis.
19:41 of 1st period - Shot Misses the Net.
19:41 of 1st period - Puck is out of play.
19:42 of 1st period - Sean Monahan wins face-off versus Jack Eichel in Predators zone.
Goals for this period are 1 for Predators vs 1 for Devils.
Shots for this period are 13 for Predators vs 10 for Devils.

2nd period


0:01 of 2nd period - Jack Eichel wins face-off versus Tyler Ennis in neutral zone.
0:58 of 2nd period - Snap shot by Jaden Schwartz.
0:58 of 2nd period - Goal by Jaden Schwartz - Predators : 2 - Devils : 1.
0:59 of 2nd period - Nazem Kadri wins face-off versus Jack Eichel in neutral zone.
1:05 of 2nd period - Wrist shot by Nazem Kadri.
1:05 of 2nd period - Stopped by Kari Lehtonen with a rebound.
1:07 of 2nd period - Wrist shot by Matt Donovan.
1:07 of 2nd period - Stopped by Kari Lehtonen without a rebound.
1:08 of 2nd period - Jack Eichel wins face-off versus Tyler Ennis in Predators zone.
1:08 of 2nd period - Jack Eichel is hit by Matt Donovan.
1:46 of 2nd period - Snap shot by Tyler Ennis.
1:46 of 2nd period - Stopped by Kari Lehtonen with a rebound.
1:48 of 2nd period - Snap shot by Nazem Kadri.
1:48 of 2nd period - Stopped by Kari Lehtonen without a rebound.
1:49 of 2nd period - Andy Miele wins face-off versus Sean Monahan in Predators zone.
1:49 of 2nd period - Andy Miele is hit by Jonathan Huberdeau.
2:16 of 2nd period - Michael Del Zotto is hit by Jaden Schwartz and loses puck.
2:22 of 2nd period - Kristopher Letang is hit by Scott Laughton and loses puck.
2:32 of 2nd period - Icing by Scott Laughton.
2:33 of 2nd period - Scott Laughton wins face-off versus Anton Lander in Predators zone.
3:22 of 2nd period - Snap shot by Sean Monahan.
3:22 of 2nd period - Stopped by Kari Lehtonen with a rebound.
4:26 of 2nd period - Icing by Andy Miele.
4:27 of 2nd period - Anton Lander wins face-off versus Jack Eichel in Predators zone.
4:34 of 2nd period - Wrist shot by Miikka Salomaki.
4:34 of 2nd period - Stopped by Kari Lehtonen without a rebound.
4:35 of 2nd period - Nazem Kadri wins face-off versus Jack Eichel in Predators zone.
5:33 of 2nd period - Snap shot by Scott Laughton.
5:33 of 2nd period - Shot Misses the Net.
5:35 of 2nd period - Slapshot by Joel Armia.
5:35 of 2nd period - Shot Misses the Net.
5:45 of 2nd period - Snap shot by Kristopher Letang.
5:45 of 2nd period - Deflect By Travis Dermott.
5:45 of 2nd period - Stopped by Kari Lehtonen with a rebound.
7:19 of 2nd period - Slapshot by Josh Morrissey.
7:19 of 2nd period - Stopped by Jonathan Quick without a rebound.
7:20 of 2nd period - Mikael Granlund wins face-off versus Nazem Kadri in Devils zone.
7:21 of 2nd period - Slapshot by Claude Giroux.
7:21 of 2nd period - Stopped by Jonathan Quick without a rebound.
7:22 of 2nd period - Jack Eichel wins face-off versus Nazem Kadri in Devils zone.
7:23 of 2nd period - Wrist shot by Claude Giroux.
7:23 of 2nd period - Stopped by Jonathan Quick with a rebound.
7:34 of 2nd period - Minor Penalty to Nick Palmieri for Interference.
7:35 of 2nd period - Nazem Kadri wins face-off versus Jack Eichel in Devils zone.
7:39 of 2nd period - Jack Eichel is hit by Brandon Carlo and loses puck.
7:44 of 2nd period - Wrist shot by Nazem Kadri.
7:44 of 2nd period - Shot Misses the Net.
7:46 of 2nd period - Slapshot by Kristopher Letang.
7:46 of 2nd period - Stopped by Kari Lehtonen without a rebound.
7:47 of 2nd period - Nazem Kadri wins face-off versus Jack Eichel in Predators zone.
7:52 of 2nd period - Snap shot by Nazem Kadri.
7:52 of 2nd period - Stopped by Kari Lehtonen without a rebound.
7:53 of 2nd period - Nazem Kadri wins face-off versus Jack Eichel in Predators zone.
8:51 of 2nd period - Wrist shot by Jonathan Huberdeau.
8:51 of 2nd period - Shot Misses the Net.
9:24 of 2nd period - Justin Faulk is hit by Jonathan Huberdeau and loses puck.
9:34 of 2nd period - Penalty to Nick Palmieri is over, Nick Palmieri is back on ice.
9:34 of 2nd period - Icing by Jonathan Huberdeau.
9:35 of 2nd period - Jack Eichel wins face-off versus Sean Monahan in Devils zone.
9:48 of 2nd period - Slapshot by Jaden Schwartz.
9:48 of 2nd period - Shot Blocked by Kristopher Letang.
10:24 of 2nd period - Anton Lander is hit by Mikael Granlund and loses puck.
10:32 of 2nd period - Snap shot by Jack Eichel.
10:32 of 2nd period - Stopped by Jonathan Quick with a rebound.
10:34 of 2nd period - Slapshot by Claude Giroux.
10:34 of 2nd period - Goal by Claude Giroux - Predators : 3 - Devils : 1.
10:35 of 2nd period - Jack Eichel wins face-off versus Nazem Kadri in neutral zone.
10:40 of 2nd period - Snap shot by Claude Giroux.
10:40 of 2nd period - Stopped by Jonathan Quick with a rebound.
10:42 of 2nd period - Slapshot by Ryan Mcdonagh.
10:42 of 2nd period - Shot Misses the Net.
10:44 of 2nd period - Snap shot by Ryan Mcdonagh.
10:44 of 2nd period - Shot Blocked by Nick Palmieri.
10:46 of 2nd period - Slapshot by Justin Faulk.
10:46 of 2nd period - Shot Misses the Net.
10:48 of 2nd period - Wrist shot by Mikael Granlund.
10:48 of 2nd period - Shot Blocked by Nick Palmieri.
11:32 of 2nd period - Michael Del Zotto is hit by Joel Armia.
11:54 of 2nd period - Snap shot by Nicolas Kerdiles.
11:54 of 2nd period - Shot Misses the Net.
11:56 of 2nd period - Slapshot by Josh Morrissey.
11:56 of 2nd period - Stopped by Jonathan Quick without a rebound.
11:57 of 2nd period - Markus Granlund wins face-off versus Nazem Kadri in Devils zone.
12:27 of 2nd period - Snap shot by Sean Monahan.
12:27 of 2nd period - Stopped by Kari Lehtonen without a rebound.
12:28 of 2nd period - Sean Monahan wins face-off versus Jack Eichel in Predators zone.
12:37 of 2nd period - Snap shot by Sean Monahan.
12:37 of 2nd period - Stopped by Kari Lehtonen with a rebound.
12:39 of 2nd period - Snap shot by Jonathan Huberdeau.
12:39 of 2nd period - Stopped by Kari Lehtonen with a rebound.
13:33 of 2nd period - Snap shot by Mikael Granlund.
13:33 of 2nd period - Stopped by Jonathan Quick with a rebound.
13:41 of 2nd period - Jack Eichel is hit by Sean Monahan and loses puck.
13:56 of 2nd period - Wrist shot by Claude Giroux.
13:56 of 2nd period - Deflect By Logan Shaw.
13:56 of 2nd period - Stopped by Jonathan Quick with a rebound.
13:58 of 2nd period - Slapshot by John Moore.
13:58 of 2nd period - Shot Misses the Net.
14:12 of 2nd period - Wrist shot by Claude Giroux.
14:12 of 2nd period - Shot Hit the Post.
14:14 of 2nd period - Wrist shot by Jack Eichel.
14:14 of 2nd period - Shot Misses the Net.
14:16 of 2nd period - Slapshot by Claude Giroux.
14:16 of 2nd period - Stopped by Jonathan Quick with a rebound.
14:26 of 2nd period - Snap shot by Sean Monahan.
14:26 of 2nd period - Stopped by Kari Lehtonen without a rebound.
14:27 of 2nd period - Nazem Kadri wins face-off versus Alexander Ovechkin in Predators zone.
14:36 of 2nd period - Slapshot by Nazem Kadri.
14:36 of 2nd period - Stopped by Kari Lehtonen without a rebound.
14:37 of 2nd period - Nazem Kadri wins face-off versus Andy Miele in Predators zone.
15:00 of 2nd period - Ryan Mcdonagh is hit by Tyler Ennis.
15:18 of 2nd period - Snap shot by Alexander Ovechkin.
15:18 of 2nd period - Stopped by Jonathan Quick with a rebound.
15:20 of 2nd period - Snap shot by Reilly Smith.
15:20 of 2nd period - Shot Misses the Net.
15:26 of 2nd period - Snap shot by Andy Miele.
15:26 of 2nd period - Stopped by Jonathan Quick without a rebound.
15:27 of 2nd period - Brayden Point wins face-off versus Jaden Schwartz in Devils zone.
15:32 of 2nd period - Slapshot by Michael Del Zotto.
15:32 of 2nd period - Deflect By Sven Baertschi.
15:32 of 2nd period - Stopped by Kari Lehtonen with a rebound.
15:48 of 2nd period - Minor Penalty to Joel Armia for Hooking.
15:49 of 2nd period - Nazem Kadri wins face-off versus Jaden Schwartz in Predators zone.
16:45 of 2nd period - Snap shot by Markus Granlund.
16:45 of 2nd period - Shot Blocked by Nick Palmieri.
17:48 of 2nd period - Penalty to Joel Armia is over, Joel Armia is back on ice.
18:09 of 2nd period - Travis Dermott is hit by Anton Lander and loses puck.
19:13 of 2nd period - Slapshot by Mikael Granlund.
19:13 of 2nd period - Shot Blocked by Nazem Kadri.
Goals for this period are 2 for Predators vs 0 for Devils.
Shots for this period are 13 for Predators vs 15 for Devils.

3rd period


0:01 of 3rd period - Jack Eichel wins face-off versus Nazem Kadri in neutral zone.
0:04 of 3rd period - Nick Palmieri is hit by Claude Giroux and loses puck.
0:13 of 3rd period - Justin Faulk is hit by Tyler Ennis and loses puck.
0:42 of 3rd period - Minor Penalty to Justin Faulk for Hooking.
0:43 of 3rd period - Jaden Schwartz wins face-off versus Tyler Ennis in Predators zone.
1:02 of 3rd period - Michael Del Zotto is hit by Ryan Mcdonagh.
2:42 of 3rd period - Penalty to Justin Faulk is over, Justin Faulk is back on ice.
3:21 of 3rd period - Sven Baertschi is hit by Reilly Smith and loses puck.
3:38 of 3rd period - Michael Del Zotto is hit by Scott Laughton and loses puck.
3:39 of 3rd period - Michael Del Zotto from Devils is injured at 3:39 of 3rd period (Sprained Left Ankle).
3:40 of 3rd period - Jack Eichel wins face-off versus Nazem Kadri in Devils zone.
3:45 of 3rd period - Wrist shot by Mikael Granlund.
3:45 of 3rd period - Stopped by Jonathan Quick with a rebound.
4:52 of 3rd period - Anton Lander is hit by Ryan Mcdonagh and loses puck.
5:28 of 3rd period - Icing by Damon Severson.
5:29 of 3rd period - Andy Miele wins face-off versus Sean Monahan in Devils zone.
5:32 of 3rd period - Snap shot by Alexander Ovechkin.
5:32 of 3rd period - Shot Blocked by Kristopher Letang.
5:34 of 3rd period - Slapshot by Andreas Englund.
5:34 of 3rd period - Deflect By Alexander Ovechkin.
5:34 of 3rd period - Stopped by Jonathan Quick with a rebound.
5:36 of 3rd period - Snap shot by Andy Miele.
5:36 of 3rd period - Shot Misses the Net.
6:24 of 3rd period - Wrist shot by Jaden Schwartz.
6:24 of 3rd period - Shot Misses the Net.
6:28 of 3rd period - Wrist shot by Jaden Schwartz.
6:28 of 3rd period - Shot Blocked by Brayden Point.
7:20 of 3rd period - Tyler Ennis is hit by Mikael Granlund and loses puck.
8:22 of 3rd period - Ondrej Kase is hit by Mark Pysyk.
8:32 of 3rd period - Markus Granlund is hit by Thomas Hickey and loses puck.
8:47 of 3rd period - Travis Dermott is hit by Nazem Kadri and loses puck.
8:58 of 3rd period - Anton Lander is hit by Joel Armia and loses puck.
9:11 of 3rd period - Brayden Point is hit by Alexander Ovechkin and loses puck.
9:20 of 3rd period - Thomas Hickey is hit by Alexander Ovechkin and loses puck.
11:27 of 3rd period - Tyler Ennis is hit by Claude Giroux and loses puck.
11:50 of 3rd period - Slapshot by Nazem Kadri.
11:50 of 3rd period - Stopped by Kari Lehtonen with a rebound.
12:01 of 3rd period - Off-side.
12:02 of 3rd period - Sean Monahan wins face-off versus Markus Granlund in neutral zone.
12:29 of 3rd period - Damon Severson is hit by Josh Morrissey and loses puck.
12:36 of 3rd period - Wrist shot by Ondrej Kase.
12:36 of 3rd period - Shot Misses the Net.
12:38 of 3rd period - Slapshot by Ondrej Kase.
12:38 of 3rd period - Goal by Ondrej Kase - Predators : 3 - Devils : 2.
12:39 of 3rd period - Jack Eichel wins face-off versus Sean Monahan in neutral zone.
12:41 of 3rd period - Minor Penalty to Claude Giroux for Hooking.
12:42 of 3rd period - Sean Monahan wins face-off versus Jaden Schwartz in Predators zone.
12:44 of 3rd period - Snap shot by Sean Monahan.
12:44 of 3rd period - Shot Misses the Net.
13:16 of 3rd period - Slapshot by Nazem Kadri.
13:16 of 3rd period - Stopped by Kari Lehtonen with a rebound.
14:41 of 3rd period - Penalty to Claude Giroux is over, Claude Giroux is back on ice.
14:46 of 3rd period - Wrist shot by Alexander Ovechkin.
14:46 of 3rd period - Stopped by Jonathan Quick with a rebound.
14:56 of 3rd period - Snap shot by Claude Giroux.
14:56 of 3rd period - Stopped by Jonathan Quick with a rebound.
15:25 of 3rd period - Snap shot by Miikka Salomaki.
15:25 of 3rd period - Deflect By Anton Lander.
15:25 of 3rd period - Stopped by Kari Lehtonen without a rebound.
15:26 of 3rd period - Scott Laughton wins face-off versus Sean Monahan in Predators zone.
15:52 of 3rd period - Thomas Hickey is hit by Reilly Smith.
16:20 of 3rd period - Mikael Granlund is hit by Brayden Point and loses puck.
16:33 of 3rd period - Logan Shaw is hit by Andreas Englund and loses puck.
16:52 of 3rd period - Jaden Schwartz is hit by Tyler Ennis and loses puck.
16:56 of 3rd period - Icing by John Moore.
16:57 of 3rd period - Brayden Point wins face-off versus Andy Miele in Predators zone.
17:14 of 3rd period - Brayden Point is hit by Ryan Mcdonagh and loses puck.
17:52 of 3rd period - Slapshot by Jonathan Huberdeau.
17:52 of 3rd period - Shot Blocked by Andy Miele.
17:54 of 3rd period - Wrist shot by Sean Monahan.
17:54 of 3rd period - Stopped by Kari Lehtonen without a rebound.
17:55 of 3rd period - Ondrej Kase wins face-off versus Jack Eichel in Predators zone.
17:56 of 3rd period - Snap shot by Sven Baertschi.
17:56 of 3rd period - Shot Misses the Net.
17:58 of 3rd period - Snap shot by Ondrej Kase.
17:58 of 3rd period - Shot Misses the Net.
18:32 of 3rd period - Snap shot by Joel Armia.
18:32 of 3rd period - Deflect By Alexander Ovechkin.
18:32 of 3rd period - Stopped by Jonathan Quick with a rebound.
18:34 of 3rd period - Snap shot by Joel Armia.
18:34 of 3rd period - Shot Misses the Net.
18:36 of 3rd period - Snap shot by Scott Laughton.
18:36 of 3rd period - Deflect By Joel Armia.
18:36 of 3rd period - Goal by Joel Armia - Predators : 4 - Devils : 2.
18:37 of 3rd period - Jack Eichel wins face-off versus Sven Baertschi in neutral zone.
18:49 of 3rd period - Wrist shot by Sven Baertschi.
18:49 of 3rd period - Shot Hit the Post.
18:53 of 3rd period - Wrist shot by Sven Baertschi.
18:53 of 3rd period - Shot Blocked by Ryan Mcdonagh.
18:59 of 3rd period - Minor Penalty to Justin Faulk for Hooking.
19:00 of 3rd period - Nazem Kadri wins face-off versus Jaden Schwartz in Predators zone.
19:15 of 3rd period - Snap shot by Tyler Ennis.
19:15 of 3rd period - Shot Misses the Net.
19:27 of 3rd period - Mark Pysyk is hit by Brandon Carlo and loses puck.
Goals for this period are 1 for Predators vs 1 for Devils.
Shots for this period are 6 for Predators vs 5 for Devils.